 Dungeon Crawl Stone Soup version 0.29-a0-384-g6960b1960d (webtiles) character file.

Game seed: 12443994298846084840

3654 Bruhh the Fighter (level 10, -5/120 HPs)
             Began as an Ogre Earth Elementalist on May 6, 2022.
             Was a Follower of Sif Muna.
             Slain by a vampire mosquito (11 damage)
             ... on level 7 of the Dungeon on May 7, 2022.
             The game lasted 00:21:44 (9805 turns).

Bruhh the Fighter (Ogre Earth Elementalist)         Turns: 9805, Time: 00:21:44

Health: -5/120     AC:  4    Str: 14    XL:     10   Next: 12%
Magic:  13/19      EV: 10    Int: 20    God:    Sif Muna [*.....]
Gold:   293        SH:  0    Dex: 15    Spells: 17/21 levels left

rFire   + . .      SeeInvis .   (no weapon)
rCold   + + +      Faith    .   (no shield)
rNeg    . . .      Spirit   .   q - +1 robe of Apathy {rC+ Stlth+}
rPois   +          Reflect  .   (helmet restricted)
rElec   +          Harm     .   (no cloak)
rCorr   +          Rampage  .   (gloves unavailable)
Will    +....                   (boots unavailable)
Stlth   +++.......              u - amulet of regeneration
HPRegen 1.10/turn               d - +6 ring of dexterity
MPRegen 0.16/turn               p - ring of poison resistance

@: resistant, channelling
A: large, unfitting armour, tough skin 1, hooves 2, cold resistance 1
a: Renounce Religion, Channel Magic


You were on level 7 of the Dungeon.
You worshipped Sif Muna.
Sif Muna was aware of your devotion.
You visited 2 branches of the dungeon, and saw 9 of its levels.

You collected 293 gold pieces.

Inventory:

Armour
 b - a +0 robe
 q - the +1 robe of Apathy (worn) {rC+ Stlth+}
   (You found it on level 3 of the Dungeon)

   rC:        It protects you from cold.
   Stlth:     It makes you more stealthy.
 A - the +1 Delatra's gloves {ID++}
   (You found it on level 5 of the Dungeon)

   It heals its wearer when they drink unknown potions.
   It restores its wearer's MP when they read unknown scrolls.
Jewellery
 d - a +6 ring of dexterity (left hand)
 o - a ring of protection from cold
 p - a ring of poison resistance (right hand)
 u - an amulet of regeneration (around neck)
 w - a ring of resist corrosion
Wands
 v - a wand of acid (15)
 E - a wand of polymorph (10)
Scrolls
 a - 2 scrolls of fog {unknown}
 e - 9 scrolls of identify {unknown}
 g - 3 scrolls of enchant armour {unknown}
 h - 2 scrolls of brand weapon {unknown}
 m - 4 scrolls of teleportation {unknown}
 s - a scroll of poison {unknown}
 t - 2 scrolls of summoning
 x - a scroll of blinking {unknown}
 y - a scroll of vulnerability {unknown}
 B - a scroll of noise {unknown}
 C - a scroll of amnesia {unknown}
 D - a scroll of torment {unknown}
Potions
 c - 2 potions of heal wounds
 i - a potion of might {unknown}
 j - 2 potions of mutation
 k - 3 potions of haste {unknown}
 l - 3 potions of resistance
 n - a potion of curing
 r - a potion of degeneration {unknown}
 z - a potion of lignification {unknown}
 F - 2 potions of berserk rage {unknown}


   Skills:
 + Level 13.7 Fighting
 - Level 1.7 Dodging
 - Level 1.4 Stealth
 - Level 6.0 Spellcasting
 - Level 4.0 Conjurations
 - Level 0.8 Transmutations
 - Level 6.0 Earth Magic
 + Level 2.4 Invocations


You had 17 spell levels left.
You knew the following spells:

 Your Spells              Type           Power      Damage    Failure   Level
a - Sandblast             Erth           60%        2d14      1%          1
b - Stone Arrow           Conj/Erth      52%        3d10      4%          3

Your spell library contained the following spells:

 Spells                   Type           Power      Damage    Failure   Level
 Passwall                 Tmut/Erth      15%        N/A       3%          2
 Beastly Appendage        Tmut           18%        N/A       8%          1
 Wereblood                Tmut           9%         N/A       11%         2
 Blink                    Tloc           12%        N/A       16%         2
 Ensorcelled Hibernation  Hex/Ice        12%        N/A       16%         2
 Spider Form              Tmut/Pois      7%         N/A       26%         3
 Petrify                  Tmut/Erth      19%        N/A       26%         4
 Lesser Beckoning         Tloc           6%         N/A       30%         3
 Swiftness                Air            6%         N/A       30%         3
 Olgreb's Toxic Radiance  Pois           6%         N/A       71%         4
 Manifold Assault         Tloc           6%         N/A       96%         5
 Ozocubu's Refrigeration  Ice            3%         4d5       100%        7
 Storm Form               Tmut/Air       3%         N/A       100%        7
 Ignition                 Fire           3%         3d4       100%        8


Dungeon Overview and Level Annotations

Branches:
Dungeon (8/15)             Temple (1/1) D:4
   Lair: D:8-11

Altars:
Ashenzari
Cheibriados
Dithmenos
Elyvilon
Fedhas
Hepliaklqana
Kikubaaqudgha
Makhleb
Nemelex Xobeh
Okawaru
Qazlal
Sif Muna
Uskayaw
Vehumet
Wu Jian
Yredelemnul
Zin
The Shining One

Shops:
D:4 ?


Innate Abilities, Weirdness & Mutations

You are too large for most types of armour.
You have tough skin. (AC +1)
You have hoof-like feet.
Your flesh is cold resistant. (rC+)


Message History

The vampire mosquito bites you but does no damage.
The vampire mosquito bites you!
* * * LOW HITPOINT WARNING * * *
The vampire mosquito draws strength from your injuries!
The vampire mosquito barely misses you. The vampire mosquito bites you!
* * * LOW HITPOINT WARNING * * *
The vampire mosquito draws strength from your injuries!
The vampire mosquito barely misses you.
The vampire mosquito closely misses you.
You are too injured to fight recklessly!
You are too injured to fight recklessly!
You are too injured to fight recklessly!
Casting: Sandblast (safe; 1% risk of failure)
Confirm with . or Enter, or press ? or * to list all spells.
Okay, then.
Unknown command.
Casting: Sandblast (safe; 1% risk of failure)
Confirm with . or Enter, or press ? or * to list all spells.
Aiming: Stone Arrow (mildly dangerous; 4% risk of failure)
Press: ? - help, Shift-Dir - straight line, f/p - vampire mosquito
Aim: a vampire mosquito (53% to hit)
The stone arrow misses the vampire mosquito.
The vampire mosquito bites you!
* * * LOW HITPOINT WARNING * * *
The vampire mosquito draws strength from your injuries!
The vampire mosquito bites you.
* * * LOW HITPOINT WARNING * * *
The vampire mosquito draws strength from your injuries!
Casting: Stone Arrow (mildly dangerous; 4% risk of failure)
Confirm with . or Enter, or press ? or * to list all spells.
Aiming: Stone Arrow (mildly dangerous; 4% risk of failure)
Press: ? - help, Shift-Dir - straight line, f/p - vampire mosquito
Aim: a vampire mosquito (53% to hit)
The stone arrow hits the vampire mosquito!
The vampire mosquito is moderately damaged.
The vampire mosquito bites you.
* * * LOW HITPOINT WARNING * * *
The vampire mosquito draws strength from your injuries!
The vampire mosquito bites you!
You die...

..#
#.....#....#..........
..#
#.....#....#.......#'#
..#
#.....##############..
..#
#...........#.....#...
###
#...........#.....'<..
..#
#...........#.....####
..#
#...........#.....#...
..#
#...........#'#####...
..#
#....@................
..#
#...y.)[..............
###
#.....#'####..........
#.....'....#..........
#.....#....#..........
#.....#....########...
#.....#....##.....#...
#.....#....##.....#...
#.....#...).......#...


You could see a vampire mosquito.

Vanquished Creatures
  An ugly thing (D:7)
  A troll (D:5)
  2 steam dragons
  3 vampire mosquitoes (D:8)
  A water moccasin (D:5)
  2 orc warriors
  A sky beast (D:7)
  An ice beast (D:6)
  A black bear (D:6)
  2 ogres
  Blork the orc (D:5)
  2 bullfrogs (D:6)
  A kobold brigand (D:6)
  A necrophage (D:6)
  4 wights (D:7)
  4 jellies
  4 hounds
  2 orc priests
  3 iguanas
  9 orc wizards
  8 adders
  4 gnolls (D:3)
  A white imp (D:7)
  2 ufetubi (D:5)
  A worm (D:3)
  3 dart slugs
  26 orcs
  3 bats
  3 endoplasms
  3 giant cockroaches
  6 goblins
  8 hobgoblins
  14 ball pythons
  A frilled lizard (D:1)
  8 kobolds
  7 rats
144 creatures vanquished.

Vanquished Creatures (collateral kills)
  A gargoyle (D:6)
  A kobold (D:6)
2 creatures vanquished.

Vanquished Creatures (others)
  2 orcs (D:6)
  A kobold (D:6)
3 creatures vanquished.

Grand Total: 149 creatures vanquished

Notes
Turn   | Place    | Note
-------+----------+-------------------------------------------
     0 | D:1      | Bruhh the Ogre Earth Elementalist began the quest for the
                  | Orb.
     0 | D:1      | Reached XP level 1. HP: 16/16 MP: 3/3
   266 | D:1      | Reached XP level 2. HP: 24/24 MP: 3/6
  1288 | D:2      | Reached XP level 3. HP: 22/31 MP: 5/8
  1985 | D:2      | Found a blossoming altar of Fedhas.
  1996 | D:2      | Reached XP level 4. HP: 39/39 MP: 8/10
  2364 | D:3      | Noticed an ogre
  2371 | D:3      | Killed an ogre
  2372 | D:3      | Reached XP level 5. HP: 34/45 MP: 6/11
  2522 | D:3      | Reached skill level 5 in Earth Magic
  2913 | D:3      | Identified the +1 robe of Apathy {rC+ Stlth+}
  3039 | D:3      | Found a snail-covered altar of Cheibriados.
  3102 | D:3      | Found a sparkling altar of Nemelex Xobeh.
  3338 | D:4      | Reached XP level 6. HP: 47/53 MP: 7/12
  3549 | D:4      | Learned a level 3 spell: Stone Arrow
  3689 | D:4      | Found a staircase to the Ecumenical Temple.
  3713 | Temple   | Entered the Ecumenical Temple
  3836 | Temple   | Became a worshipper of Sif Muna the Loreminder
  4111 | D:4      | Found Weipowuime's Magic Scroll Emporium.
  4298 | D:5      | Entered Level 5 of the Dungeon
  4388 | D:5      | Reached skill level 1 in Conjurations
  4394 | D:5      | Noticed a water moccasin
  4626 | D:5      | Reached XP level 7. HP: 59/59 MP: 3/13
  4721 | D:5      | Gained mutation: Your flesh is cold resistant. (rC+)
                  | [potion of mutation]
  4721 | D:5      | Gained mutation: You have large cloven feet. [potion of
                  | mutation]
  4721 | D:5      | Gained mutation: You have hoof-like feet. [potion of
                  | mutation]
  4998 | D:5      | Noticed Blork the orc
  5004 | D:5      | Killed Blork the orc
  5817 | D:5      | Reached skill level 5 in Spellcasting
  6064 | D:5      | Found the +1 Delatra's gloves {ID++}
  6194 | D:6      | Upgraded the game from 0.29-a0-383-g8b6f518c11 to
                  | 0.29-a0-384-g6960b1960d
  6211 | D:6      | Noticed a gargoyle
  6212 | D:6      | Reached XP level 8. HP: 67/67 MP: 9/16
  6424 | D:6      | Noticed a troll
  6427 | D:6      | Reached skill level 1 in Fighting
  6433 | D:5      | Killed a troll
  6434 | D:5      | Reached skill level 4 in Fighting
  6744 | D:6      | Reached skill level 5 in Fighting
  7047 | D:6      | Reached skill level 6 in Fighting
  7265 | D:6      | Reached skill level 7 in Fighting
  7357 | D:6      | Reached * piety under Sif Muna
  7372 | D:5      | Reached skill level 8 in Fighting
  7372 | D:5      | Reached XP level 9. HP: 18/97 MP: 5/18
  7551 | D:6      | Reached skill level 9 in Fighting
  7651 | D:6      | Killed a gargoyle
  7652 | D:6      | Reached skill level 10 in Fighting
  8650 | D:7      | Reached skill level 11 in Fighting
  9472 | D:7      | Noticed a white ugly thing
  9497 | D:7      | Killed a white ugly thing
  9498 | D:7      | Reached skill level 12 in Fighting
  9620 | D:7      | Reached skill level 13 in Fighting
  9628 | D:7      | Reached XP level 10. HP: 119/119 MP: 1/19
  9778 | D:8      | Reached skill level 1 in Invocations
  9805 | D:7      | HP: 6/120 [vampire mosquito (5)]
  9805 | D:7      | Slain by a vampire mosquito

Illustrated notes

Levels and vault maps discovered:
D:1:      minmay_arrival_five_plusses, layout_basic
D:2:      layout_loops_ring, basic_altar
D:3:      layout_rooms, cheibriados_altar_1, general_overflow_altar,
          chequers_hall_statues_y, minmay_strange_pillars,
          minmay_parallelograms, kennysheep_generic_room_6
D:4:      minmay_wonky_spiral, layout_gridville,
          minmay_temple_entry_stoned_glass, serial_shops, kennysheep_little_box,
          kennysheep_donut, nicolae_figureground_sparkle
D:5:      layout_basic, pf_guarded_unrand_delatra, uniq_blork_the_orc
D:6:      cheibrodos_steamvent, layout_cave_pools
D:7:      layout_gridville
D:8:      layout_loops_corners, uniq_prince_ribbit1
Temple:   regret_index_temple_sphere_string

Skill      XL: |  1  2  3  4  5  6  7  8  9 10 |
---------------+-------------------------------+-----
Spellcasting   | 3 4 5 6 |  6.0
Earth Magic    | 3 4 5 6 |  6.0
Conjurations   | 2 4 |  4.0
Fighting       | 8 13 | 13.7
Invocations    | 2 |  2.4
Dodging        | |  1.7
Stealth        | |  1.4
Transmutations | |  0.8

Action                   |  1- 3 |  4- 6 |  7- 9 | 10-12 || total
-------------------------+-------+-------+-------+-------++-------
Melee: Unarmed           |    11 |     7 |       |       ||    18
       Punch             |       |     1 |       |       ||     1
 Cast: Sandblast         |    58 |    62 |    22 |     4 ||   146
       Stone Arrow       |       |    11 |    97 |     8 ||   116
Invok: Channel Magic     |       |       |       |     2 ||     2
Evoke: Wand              |       |       |     5 |       ||     5
  Use: Potion            |     2 |       |     4 |     1 ||     7
       Scroll            |       |       |     4 |       ||     4
Armor: Robe              |     8 |     8 |    17 |     8 ||    41
Dodge: Dodged            |    29 |    16 |    61 |    13 ||   119

Table legend: (Time is in decaauts)
 A = Elapsed time spent in this place.
 B = Non-inter-level travel time spent in this place.
 C = Inter-level travel time spent in this place.
 D = Time resting spent in this place.
 E = Time spent auto-exploring this place.
 F = Levels seen in this place.
 G = Mean time per level.
                   A        B        C        D        E       F      G
               +--------+--------+--------+--------+--------+-----+--------+
         Total |   9829 |   9527 |    302 |   1857 |   6603 |   9 | 1092.1 |
       Dungeon |   9674 |   9392 |    282 |   1857 |   6486 |   8 | 1209.2 |
        Temple |    154 |    134 |     20 |      0 |    117 |   1 |  154.0 |
               +--------+--------+--------+--------+--------+-----+--------+

Top non-repeatable levels by time:
     D:5: 2981 daAuts
     D:4: 1388 daAuts
     D:1: 1258 daAuts
     D:6: 1183 daAuts
     D:2: 1035 daAuts
     D:7: 928 daAuts
     D:3: 876 daAuts
  Temple: 154 daAuts
     D:8: 21 daAuts
